 Dungeon Crawl Stone Soup version 0.32-a0-868-g153ae1a8d6 (webtiles) character file.

Game seed: 14398742688842809616

13701 SunderingTitan the Summoner (level 12, -13/60 HPs)
             Began as a Vine Stalker Summoner on Mar 28, 2024.
             Was a High Priest of Kikubaaqudgha.
             Mangled by Rupert
             ... wielding a +2 vampiric battleaxe
              (27 damage)
             ... on level 12 of the Dungeon.
             The game lasted 00:17:59 (12139 turns).

SunderingTitan the Summoner (VSSu)                 Turns: 12139, Time: 00:18:00

Health: -13/60     AC: 12    Str: 11    XL:     12   Next: 8%
Magic:  0/35       EV: 13    Int: 19    God:    Kikubaaqudgha [*****.]
Gold:   862        SH:  0    Dex: 16    Spells: 16/30 levels left

rFire   . . .        t - +11 Screaming Sword {sonic wave}
rCold   . . .        (no shield)
rNeg    . . .        v - +0 steam dragon scales
rPois   .            s - +2 hat {SInv}
rElec   .            r - +2 cloak
rCorr   .            (no gloves)
SInv    +            q - +1 pair of boots
Will    +....        (no amulet)
Stlth   ++++         w - ring of magical power
HPRegen 1.10/turn    Y - +4 ring of slaying
MPRegen 0.24/turn

%: guardian spirit
@: no status effects
A: fangs 3, regeneration 1, magic shield, antimagic bite, no potion heal 2
a: Renounce Religion, Unearth Wretches, Torment


You were on level 12 of the Dungeon.
You worshipped Kikubaaqudgha.
Kikubaaqudgha was extremely pleased with you.
You visited 2 branches of the dungeon, and saw 13 of its levels.
You also visited: Ossuary.

You collected 862 gold pieces.

Inventory:

Hand Weapons
 t - the +11 Screaming Sword (weapon) {sonic wave}
   (You found it on level 10 of the Dungeon)
Armour
 q - a +1 pair of boots (worn)
 r - a +2 cloak (worn)
 s - a +2 hat of see invisible (worn)
 v - +0 steam dragon scales (worn)
Magical Staves
 e - a staff of conjuration {!a}
 i - a staff of cold {!a}
 l - a staff of earth {!a}
Jewellery
 w - a ring of magical power (left hand)
 C - the ring "Veoxzoc" {Fly Str-3 Int+4 Dex+2 SInv}
   (You found it on level 4 of the Dungeon)

   [ring of flight]

   Str-3:     It affects your strength (-3).
   Int+4:     It affects your intelligence (+4).
   Dex+2:     It affects your dexterity (+2).
   SInv:      It lets you see invisible.
   Fly:       It grants you flight.
 I - a +6 ring of intelligence
 W - a ring of magical power
 Y - a +4 ring of slaying (right hand)
 Z - a ring of wizardry
Talismans
 p - a dragon-blood talisman
Wands
 j - a wand of quicksilver (11)
 N - a wand of polymorph (9)
 P - a wand of flame (24)
Scrolls
 f - 3 scrolls of amnesia
 g - a scroll of fog
 k - 4 scrolls of blinking {!r}
 o - 7 scrolls of teleportation {@r4}
 u - 2 scrolls of revelation
 y - 2 scrolls of poison {!r}
 B - a scroll of enchant armour
 E - 2 scrolls of vulnerability {!r!r}
 K - a scroll of torment {!r}
 R - 5 scrolls of immolation {!r!r}
 S - 2 scrolls of identify {@r1}
 U - a scroll of fear {unknown}
 X - a scroll of noise {unknown}
Potions
 b - 2 potions of magic
 c - 4 potions of heal wounds {unknown}
 d - 3 potions of enlightenment {unknown}
 h - 4 potions of curing {unknown}
 m - 2 potions of cancellation {unknown}
 x - 11 potions of degeneration {!q}
 z - 3 potions of ambrosia {unknown}
 A - 3 potions of lignification {unknown}
 G - 2 potions of might {unknown}
 H - 2 potions of mutation {unknown}
 J - a potion of berserk rage {unknown}
 O - a potion of invisibility {unknown}
 Q - a potion of brilliance {unknown}


   Skills:
 - Level 5.6 Fighting
 + Level 6.6 Long Blades
 - Level 5.1 Dodging
 - Level 8.6 Stealth
 - Level 9.5 Spellcasting
 - Level 10.0 Summonings
 - Level 2.9 Necromancy
 - Level 5.0 Air Magic


You had 16 spell levels left.
You knew the following spells:

 Your Spells              Type           Power      Damage    Failure   Level
a - Animate Dead          Necr           20%        N/A       24%         4
b - Sublimation of Blood  Necr           20%        N/A       3%          2
c - Call Canine Familiar  Summ           47%        N/A       1%          3
l - Summon Lightning Spi  Summ/Air       37%        N/A       3%          4
s - Summon Small Mammal   Summ           100%       N/A       1%          1

Your spell library contained the following spells:

 Spells                   Type           Power      Damage    Failure   Level
 Call Imp                 Summ           94%        N/A       1%          2
 Necrotise                Necr           80%        1d8       2%          1
 Cigotuvi's Dreadful Rot  Necr/Alch/Air  38%        N/A       4%          2
 Mercury Vapours          Alch/Air       36%        N/A       4%          2
 Martyr's Knell           Necr/Summ      33%        N/A       5%          4
 Magic Dart               Conj           36%        1d4       8%          1
 Animate Armour           Summ/Erth      56%        N/A       10%         4
 Summon Blazeheart Golem  Fire/Summ      28%        N/A       10%         4
 Searing Ray              Conj           18%        2d5       12%         2
 Mephitic Cloud           Conj/Alch/Air  15%        N/A       12%         3
 Stone Arrow              Conj/Erth      18%        3d8       24%         3
 Dispel Undead            Necr           20%        3d11      24%         4
 Curse of Agony           Necr           20%        N/A       54%         5
 Fulminant Prism          Conj/Alch      4%         3d5       61%         4
 Freezing Cloud           Conj/Ice/Air   7%         6-21      73%         5
 Borgnjor's Vile Clutch   Necr/Erth      7%         N/A       75%         5
 Lehudib's Crystal Spear  Conj/Erth      4%         10d3      100%        8


Dungeon Overview and Level Annotations

Branches:
Dungeon (12/15)            Temple (1/1) D:6            Lair (0/5) D:10
    Orc (0/2) D:10        Ossuary (visited)

Altars:
Ashenzari
Cheibriados
Dithmenos
Elyvilon
Fedhas
Gozag
Hepliaklqana
Kikubaaqudgha
Makhleb
Nemelex Xobeh
Okawaru
Qazlal
Ru
Sif Muna
Trog
Uskayaw
Vehumet
Wu Jian
Xom
Yredelemnul
Zin
The Shining One

Annotations:
D:9 ignis
D:11 2 transporters, exclusion: oklob plant, GrimJard's ghost, journeyman OpBr
D:12 Rupert


Innate Abilities, Weirdness & Mutations

You have razor-sharp teeth.
Your natural rate of healing is unusually fast.
When hurt, damage is shared between your health and your magic reserves.
Your bite disrupts and absorbs the magic of your enemies.
Potions cannot restore your health.


Message History

You destroy the vampire mosquito!
Kikubaaqudgha accepts your kill.
You hear an angry buzzing noise.
You hear a shout!
A vampire mosquito comes into view.
The boulder beetle bites you!! Rupert roars wildly at you.
You are confused.
The vampire mosquito closely misses you.
Unknown command.
You are too injured to fight recklessly!
Unknown command.
You are too injured to fight recklessly!
Unknown command.
You are too injured to fight recklessly!
You are too injured to fight recklessly!
Unknown command.
You're too confused to move!
The vampire mosquito closely misses you.
The boulder beetle closely misses you. Rupert closely misses you.
The vampire mosquito bites you but does no damage.
The vampire mosquito attacks as it pursues you!
The vampire mosquito bites you but does no damage.
The boulder beetle leaps!
Rupert roars madly and goes into a rage!
Rupert goes berserk!
The vampire mosquito misses you.
You see here a +0 mace.
The vampire mosquito bites you but does no damage.
The vampire mosquito barely misses you. x2
You feel less confused. The vampire mosquito bites you.
The vampire mosquito draws strength from your injuries!
The boulder beetle curls into a ball and begins rolling!
Rupert rages.
The vampire mosquito bites you.
The vampire mosquito draws strength from your injuries!
There is a stone staircase leading up here.
The vampire mosquito bites you but does no damage.
The vampire mosquito completely misses you.
Rupert hits you with a +2 vampiric battleaxe!
* * * LOW HITPOINT WARNING * * *
Rupert draws strength from your wounds! The vampire mosquito barely misses you.
The boulder beetle hits you!!
* * * LOW HITPOINT WARNING * * *
The boulder beetle stops rolling and uncurls.
The vampire mosquito barely misses you.
Rupert hits you with a +2 vampiric battleaxe!!
You die...
Rupert roars with triumph.
Kikubaaqudgha rasps: You have failed me!
Welcome... death!

#..........
#..........
#..........
#.......$..
#..........
#..........
#..........
#..@B.)....
#.yy@°.....
#...†.°....
#..........
#<).......V
#..........
#..........
#..........
#..........


You could see Rupert (berserk), a boulder beetle, a vampire and 2 vampire
mosquitoes.

Vanquished Creatures
  Erica (D:10)
  A boulder beetle (D:11)
  A cyclops (D:11)
  A gargoyle (D:12)
  Jeremiah (D:7)
  An unseen horror (D:11)
  A troll (D:11)
  A vampire (D:10)
  2 wyverns (D:10)
  13 yaks
  3 vampire mosquitoes
  4 orc warriors
  An ice beast (D:6)
  A swamp drake (D:10)
  2 ogres
  8 centaurs
  A phantom (D:5)
  A weeping skull (Ossuary)
  6 water moccasin zombies (Ossuary)
  4 scorpions (D:10)
  3 bullfrogs
  4 wights
  4 killer bees (D:10)
  3 howler monkeys
  A hound (D:5)
  Crazy Yiuf (D:2)
  A gnoll bouda (D:6)
  5 orc priests
  A sleepcap (D:5)
  2 iguanas
  7 orc wizards
  A bullfrog simulacrum (Ossuary)
  A crocodile zombie (Ossuary)
  2 mummies (Ossuary)
  7 gnolls
  9 adders
  2 ufetubi (D:6)
  2 adder zombies (Ossuary)
  5 dart slugs
  31 orcs
  9 bats
  9 endoplasms
  6 giant cockroaches
  6 gnoll zombies (Ossuary)
  5 goblins
  5 hobgoblins
  4 jackals (D:2)
  5 quokkas
  6 ball pythons
  4 frilled lizards
  5 kobolds
  An orc zombie (Ossuary)
  5 rats
216 creatures vanquished.

Vanquished Creatures (collateral kills)
  An arcanist (D:10)
  Pikel (D:7)
  Maggie (D:10)
  2 trolls (D:10)
  3 slime creatures (D:9)
  A spriggan (D:9)
  5 yaks
  A water moccasin (D:5)
  A sky beast (D:8)
  An orc warrior (D:10)
  An ice beast (D:7)
  An ogre (D:6)
  A centaur (D:9)
  2 lemures (D:7)
  A kobold brigand (D:10)
  3 bullfrogs
  A gnoll sergeant (D:9)
  A water moccasin zombie (Ossuary)
  9 wights
  2 killer bees (D:10)
  A howler monkey (D:8)
  A jelly (D:5)
  An orc priest (D:10)
  A hound (D:4)
  An iguana (D:7)
  An orc wizard (D:5)
  A bullfrog simulacrum (Ossuary)
  6 gnolls
  2 shadow imps
  30 orcs
  3 endoplasms
  A gnoll zombie (Ossuary)
  A goblin (D:4)
  A hobgoblin (D:1)
  A ball python (D:2)
  4 kobolds
  A rat (D:3)
96 creatures vanquished.

Vanquished Creatures (others)
  An orc wizard (D:9)
1 creature vanquished.

Grand Total: 313 creatures vanquished

Notes
Turn   | Place    | Note
-------+----------+-------------------------------------------
     0 | D:1      | SunderingTitan the Vine Stalker Summoner began the quest
                  | for the Orb.
     0 | D:1      | Reached XP level 1. HP: 9/9 MP: 4/4
   236 | D:1      | Reached skill level 3 in Stealth
   236 | D:1      | Reached XP level 2. HP: 12/14 MP: 3/6
   280 | D:1      | Reached skill level 1 in Fighting
   339 | D:1      | Reached XP level 3. HP: 18/18 MP: 7/7
   731 | D:2      | Learned a level 3 spell: Call Canine Familiar
   836 | D:2      | Found a white marble altar of Elyvilon.
  1062 | D:2      | Reached XP level 4. HP: 22/22 MP: 5/9
  1523 | D:2      | Found a runed translucent door.
  1524 | D:2      | Noticed Crazy Yiuf
  1843 | D:2      | Killed Crazy Yiuf
  1844 | D:2      | Reached skill level 3 in Spellcasting
  1890 | D:2      | Identified the +8 hammer of Ucyxt {heavy, rC+ MP+9}
  1892 | D:2      | Identified the +3 hammer of Analysis {flame, rPois rC+ MP-9
                  | Dex+5}
  2262 | D:3      | Found a broken altar of Ashenzari.
  2328 | D:3      | Identified the +0 ring mail of the Stag {Harm rPois Int-5
                  | Dex+3}
  2361 | D:3      | Reached XP level 5. HP: 23/23 MP: 7/11
  2711 | D:3      | Learned a level 4 spell: Summon Lightning Spire
  3106 | D:4      | Reached skill level 5 in Summonings
  3157 | D:4      | Reached skill level 1 in Air Magic
  3397 | D:4      | Reached XP level 6. HP: 30/30 MP: 12/12
  3412 | D:4      | Identified the ring "Veoxzoc" {Fly Str-3 Int+4 Dex+2 SInv}
  3670 | D:4      | Reached XP level 7. HP: 33/33 MP: 6/14
  3897 | D:5      | Entered Level 5 of the Dungeon
  3940 | D:5      | Reached skill level 3 in Air Magic
  3943 | D:5      | Reached skill level 6 in Summonings
  4469 | D:5      | Found a shimmering blue altar of Sif Muna.
  4802 | D:6      | Found a staircase to the Ecumenical Temple.
  4812 | Temple   | Entered the Ecumenical Temple
  4817 | Temple   | Became a worshipper of Kikubaaqudgha
  4906 | D:6      | Gained mutation: You have razor-sharp teeth. [Vine Stalker
                  | growth]
  4906 | D:6      | Reached XP level 8. HP: 37/37 MP: 17/17
  4983 | D:6      | Found a sand-covered staircase.
  4988 | Ossuary  | Entered an ossuary
  5078 | Ossuary  | Reached skill level 6 in Spellcasting
  5100 | Ossuary  | Reached skill level 7 in Summonings
  5170 | Ossuary  | Reached * piety under Kikubaaqudgha
  5170 | Ossuary  | Received a gift from Kikubaaqudgha
  5650 | D:6      | Reached XP level 9. HP: 41/41 MP: 9/20
  5694 | D:6      | Reached skill level 8 in Summonings
  5747 | D:6      | Found a glowing golden altar of the Shining One.
  5898 | D:6      | Learned a level 4 spell: Animate Dead
  5901 | D:6      | Learned a level 2 spell: Sublimation of Blood
  6076 | D:7      | Noticed Jeremiah
  6091 | D:7      | Killed Jeremiah
  6367 | D:7      | Noticed Pikel
  6376 | D:7      | Killed Pikel
  6420 | D:7      | Reached skill level 3 in Fighting
  6755 | D:8      | Reached ** piety under Kikubaaqudgha
  6756 | D:8      | Reached skill level 3 in Dodging
  6877 | D:8      | Reached XP level 10. HP: 44/49 MP: 19/23
  7004 | D:8      | Reached skill level 6 in Stealth
  7007 | D:8      | Reached skill level 9 in Summonings
  8338 | D:9      | Found an ornate altar of the Wu Jian Council.
  8533 | D:9      | Identified the +1 robe of Xoschur {Int+3}
  8728 | D:9      | Found a faded altar of an unknown god.
  8728 | D:9      | Found a basalt altar of Yredelemnul.
  8736 | D:9      | Found an opulent altar of Gozag.
  8738 | D:9      | Found a blossoming altar of Fedhas.
  8740 | D:9      | Found a faded altar of an unknown god.
  9424 | D:10     | Entered Level 10 of the Dungeon
  9512 | D:10     | Noticed an arcanist
  9637 | D:10     | Reached skill level 9 in Spellcasting
  9723 | D:10     | Reached skill level 1 in Necromancy
  9775 | D:10     | Found a staircase to the Lair.
  9814 | D:10     | Killed an arcanist
  9815 | D:10     | Reached XP level 11. HP: 43/55 MP: 19/25
 10027 | D:10     | Found the +11 Singing Sword {sonic wave}
 10034 | D:10     | Reached *** piety under Kikubaaqudgha
 10034 | D:10     | Received a gift from Kikubaaqudgha
 10068 | D:10     | Noticed Erica
 10077 | D:10     | Killed Erica
 10536 | D:10     | Noticed Maggie
 10549 | D:10     | Killed Maggie
 10611 | D:10     | Reached **** piety under Kikubaaqudgha
 10640 | D:10     | Reached skill level 10 in Summonings
 10777 | D:10     | Found a staircase to the Orcish Mines.
 11151 | D:11     | Reached skill level 1 in Long Blades
 11187 | D:11     | Reached skill level 3 in Long Blades
 11289 | D:11     | Noticed a cyclops
 11297 | D:11     | Killed a cyclops
 11298 | D:11     | Reached ***** piety under Kikubaaqudgha
 11301 | D:11     | HP: 1/56 [centaur/arrow (6)]
 11491 | D:11     | Found a transporter.
 11491 | D:11     | Noticed a cyclops
 11498 | D:11     | Noticed GrimJard's ghost (journeyman OpBr)
 11503 | D:11     | Noticed an oklob plant
 11510 | D:11     | Noticed a boulder beetle
 11541 | D:11     | Noticed a boulder beetle
 11576 | D:11     | Killed a boulder beetle
 11577 | D:11     | Reached skill level 6 in Long Blades
 11577 | D:11     | Reached XP level 12. HP: 33/60 MP: 18/26
 11725 | D:11     | Found a transporter.
 12122 | D:12     | Noticed a boulder beetle
 12125 | D:12     | Noticed Rupert
 12128 | D:12     | Paralysed by Rupert for 3 turns
 12139 | D:12     | Mangled by Rupert

Illustrated notes

Levels and vault maps discovered:
D:1:      tarquinn_simple_flora_water_d, layout_basic, minmay_surrounded
D:2:      layout_basic, basic_altar, uniq_crazy_yiuf_cottage
D:3:      layout_basic, ashenzari_conservatory_becter, minivault_26
D:4:      layout_loops_corners, minmay_goblin_outpost
D:5:      layout_loops_ring, led_sif_pool, columned_hall_lemuel
D:6:      layout_basic, lemuel_coloured_pillars_altar,
          minmay_temple_entry_ruins, nicolae_ossuary_entry_plus
D:7:      layout_gridville, uniq_jeremiah, uniq_pikel
D:8:      layout_layer_cave
D:9:      layout_basic, nzn_wu_jian_council_hall,
          chequers_temple_overflow_minitemple, the_hattery
D:10:     old_forge, layout_long_grid, dpeg_oklobed_lair, erik_orc_1,
          special_room [special_room_orc], uniq_erica, uniq_maggie
D:11:     layout_loops_ring, nzn_ghost_randoct
D:12:     layout_small_grid, minmay_rotating_lava, uniq_sonja, uniq_rupert
Temple:   minmay_freezing_vapour_temple

Skill      XL: |  1  2  3  4  5  6  7  8  9 10 11 |
---------------+----------------------------------+-----
Stealth        | 3 5 7 8 |  8.6
Fighting       | 1 3 5 |  5.6
Spellcasting   | 3 4 5 7 8 9 |  9.5
Summonings     | 5 6 7 8 9 10 | 10.0
Air Magic      | 1 2 3 5 |  5.0
Dodging        | 3 4 5 |  5.1
Necromancy     | 1 2 |  2.9
Long Blades    | 6 |  6.6

Action                     |  1- 3 |  4- 6 |  7- 9 | 10-12 || total
---------------------------+-------+-------+-------+-------++-------
  Melee: Unarmed           |    54 |       |       |       ||    54
         Bite              |    17 |    12 |    75 |    57 ||   161
         Dagger            |    14 |    54 |   221 |       ||   289
         Mace              |       |    12 |       |       ||    12
         Trident           |       |       |    26 |   182 ||   208
         Double sword      |       |       |       |    59 ||    59
   Cast: Summon Small Mamm |    11 |    10 |       |     2 ||    23
         Call Canine Famil |     5 |    17 |    24 |    32 ||    78
         Summon Lightning  |       |     2 |    10 |    18 ||    30
  Evoke: Wand              |       |     1 |       |       ||     1
    Use: Scroll            |       |       |       |    13 ||    13
   Stab: Sleeping          |     5 |     7 |     2 |     3 ||    17
         Distracted        |       |     1 |     1 |     5 ||     7
 Armour: Robe              |    33 |    29 |   217 |   168 ||   447
         Steam dragon scal |       |       |       |    31 ||    31
  Dodge: Dodged            |    28 |    37 |   135 |   158 ||   358

Table legend: (Time is in decaauts)
 A = Elapsed time spent in this place.
 B = Non-inter-level travel time spent in this place.
 C = Inter-level travel time spent in this place.
 D = Time resting spent in this place.
 E = Time spent auto-exploring this place.
 F = Levels seen in this place.
 G = Mean time per level.
                   A        B        C        D        E       F      G
               +--------+--------+--------+--------+--------+-----+--------+
         Total |  12239 |  11756 |    483 |    804 |   8999 |  14 |  874.2 |
       Dungeon |  11947 |  11468 |    479 |    770 |   8894 |  12 |  995.6 |
        Temple |     10 |      6 |      4 |      0 |      0 |   1 |   10.0 |
       Ossuary |    280 |    280 |      0 |     34 |    105 |   1 |  280.0 |
               +--------+--------+--------+--------+--------+-----+--------+

Top non-repeatable levels by time:
    D:10: 1876 daAuts
     D:8: 1445 daAuts
     D:9: 1325 daAuts
     D:2: 1239 daAuts
     D:4: 1157 daAuts
     D:5: 881 daAuts
    D:11: 876 daAuts
     D:6: 831 daAuts
     D:3: 789 daAuts
     D:7: 786 daAuts
     D:1: 720 daAuts
 Ossuary: 280 daAuts
    D:12: 17 daAuts
  Temple: 10 daAuts
